 Dungeon Crawl Stone Soup version 0.27-a0-972-gd1521fd518 (webtiles) character file.

Game seed: 615747666087768909

47 tardwrangler69 the Digger (level 3, -7/26 HPs)
             Began as a Draconian Earth Elementalist on Apr 13, 2021.
             Mangled by an iguana (12 damage)
             ... on level 3 of the Dungeon.
             The game lasted 00:01:13 (1873 turns).

tardwrangler69 the Digger (DrEE)                    Turns: 1873, Time: 00:01:13

Health: -7/26      AC:  6    Str: 10    XL:     3   Next: 48%
Magic:  5/6        EV: 12    Int: 16    God:
Gold:   67         SH:  0    Dex: 11    Spells: 6/7 levels left

rFire    . . .     SeeInvis .   f - +0 short sword
rCold    . . .     Faith    .   (no shield)
rNeg     . . .     Spirit   .   (armour unavailable)
rPois    .         Reflect  .   (helmet restricted)
rElec    .         Harm     .   (no cloak)
rCorr    .         Rampage  .   (no gloves)
Will     .....                  k - +0 pair of boots
Stlth    ++........             (no amulet)
HPRegen  0.08/turn              (no ring)
MPRegen  0.10/turn              (no ring)

@: no status effects
A: AC +5, unfitting armour, cold-blooded
a: no special abilities


You were on level 3 of the Dungeon.
You visited 1 branch of the dungeon, and saw 3 of its levels.

You collected 67 gold pieces.

Inventory:

Hand Weapons
 f - a +0 short sword (weapon)
Missiles
 b - 99 stones
Armour
 k - a +0 pair of boots (worn)
Scrolls
 a - 3 scrolls of teleportation {unknown}
 i - 2 scrolls of enchant weapon {unknown}
 l - a scroll of acquirement {unknown}
 m - a scroll of magic mapping {unknown}
 n - a scroll of fear {unknown}
Potions
 c - a potion of degeneration {unknown}
 d - a potion of flight {unknown}
 e - a potion of lignification {unknown}
 g - a potion of brilliance {unknown}
 h - a potion of cancellation {unknown}
 j - a potion of heal wounds {unknown}


   Skills:
 - Level 1.7 Dodging
 - Level 1.7 Stealth
 + Level 2.6 Spellcasting
 - Level 1.0 Transmutations
 * Level 4.1 Earth Magic


You had 6 spell levels left.
You knew the following spells:

 Your Spells              Type           Power      Damage    Failure   Level
a - Sandblast             Erth           30%        2d9       3%          1

Your spell library contained the following spells:

 Spells                   Type           Power      Damage    Failure   Level
 Passwall                 Tmut/Erth      8%         N/A       11%         2
 Stone Arrow              Conj/Erth      16%        3d8       26%         3
 Petrify                  Tmut/Erth      10%        N/A       56%         4
 Lee's Rapid Deconstruct  Erth           7%         3d8*      69%         5


Dungeon Overview and Level Annotations

Branches:
Dungeon (3/15)

Altars:

Shops:
D:1 [


Innate Abilities, Weirdness & Mutations

Your plain brown scales are hard. (AC +5)
You cannot fit into any form of body armour.
You are cold-blooded and may be slowed by cold attacks.


Message History

You are too injured to fight recklessly!
You are too injured to fight recklessly!
You are too injured to fight recklessly!
You are too injured to fight recklessly!
You are too injured to fight recklessly!
You are too injured to fight recklessly!
Casting: Sandblast (safe; 3% risk of failure)
Confirm with . or Enter, or press ? or * to list all spells.
Aiming: Sandblast (safe; 3% risk of failure)
Press: ? - help, Shift-Dir - straight line, f - endoplasm
Aim: an endoplasm (heavily wounded, 2% to evade)
The blast of sand hits the endoplasm.
The endoplasm is almost dead.
The endoplasm freezes you.
You are frozen.
* * * LOW HITPOINT WARNING * * *
Casting: Sandblast (safe; 3% risk of failure)
Confirm with . or Enter, or press ? or * to list all spells.
Aiming: Sandblast (safe; 3% risk of failure)
Press: ? - help, Shift-Dir - straight line, f/p - endoplasm
Aim: an endoplasm (almost dead, 2% to evade)
The blast of sand hits the endoplasm!
You kill the endoplasm!
An adder is nearby!
You feel yourself speed up.
Things that are here:
a +0 dagger; an orc corpse You start resting.
Magic restored.
An iguana comes into view.
The iguana hisses angrily.
An iguana is nearby!
Casting: Sandblast (safe; 3% risk of failure)
Confirm with . or Enter, or press ? or * to list all spells.
Aiming: Sandblast (safe; 3% risk of failure)
Press: ? - help, Shift-Dir - straight line, f - iguana
Aim: an iguana (18% to evade)
The blast of sand hits the iguana but does no damage.
The iguana bites you!
You die...

#.# # #.# #. #.#
#####.### #.#
.#.....#######.#
..# #.##......#
#.# #....######
#l###.##.#
#@....##.#
###.####.# #.#
#.# #)# #.# #.#
#># .....(..#
.#. .S.......
..#####..# ....


You could see an iguana.

Vanquished Creatures
  An adder (D:2)
  A worm (D:2)
  2 dart slugs
  2 orcs (D:3)
  A ball python (D:2)
  3 bats
  4 endoplasms
  A giant cockroach (D:3)
  A hobgoblin (D:1)
  4 kobolds (D:1)
  A quokka (D:1)
  A frilled lizard (D:1)
  2 goblins
  3 rats
27 creatures vanquished.

Vanquished Creatures (others)
  A plant (D:1)
1 creature vanquished.

Grand Total: 28 creatures vanquished

Notes
Turn   | Place    | Note
-------+----------+-------------------------------------------
     0 | D:1      | tardwrangler69 the Draconian Earth Elementalist began the
                  | quest for the Orb.
     0 | D:1      | Reached XP level 1. HP: 14/14 MP: 3/3
   390 | D:1      | Reached XP level 2. HP: 20/20 MP: 5/5
   396 | D:1      | Found Fonad's Antique Armour Boutique.
  1373 | D:2      | Reached skill level 4 in Earth Magic
  1373 | D:2      | Reached XP level 3. HP: 26/26 MP: 6/6
  1516 | D:2      | Found a faded altar of an unknown god.
  1873 | D:3      | Mangled by an iguana

Illustrated notes

Levels and vault maps discovered:
D:1:      minmay_arrival_five_plusses, layout_loops_ring, serial_shops,
          nicolae_shop_overgrown_old_shop, minmay_misc_feat_enclosed,
          minmay_misc_feat_secret_circle, kennysheep_another_room
D:2:      layout_rooms, ebering_ecumenical_altar_box
D:3:      layout_loops_ring

Skill      XL: |  1  2 |
---------------+-------+-----
Earth Magic    | 4 |  4.1
Dodging        | |  1.7
Stealth        | |  1.7
Spellcasting   | |  2.6
Transmutations | |  1.0

Action                   || total
-------------------------++-------
Melee: Short sword       ||    94
       Unarmed           ||    18
       Tailslap          ||    12
 Cast: Sandblast         ||     3
 Stab: Sleeping          ||     4
Armor: Skin              ||    32
Dodge: Dodged            ||    63

Table legend: (Time is in decaauts)
 A = Elapsed time spent in this place.
 B = Non-inter-level travel time spent in this place.
 C = Inter-level travel time spent in this place.
 D = Time resting spent in this place.
 E = Time spent auto-exploring this place.
 F = Levels seen in this place.
 G = Mean time per level.
                   A        B        C        D        E       F      G
               +--------+--------+--------+--------+--------+-----+--------+
         Total |   1889 |   1835 |     54 |     13 |   1548 |   3 |  629.7 |
       Dungeon |   1889 |   1835 |     54 |     13 |   1548 |   3 |  629.7 |
               +--------+--------+--------+--------+--------+-----+--------+

Top non-repeatable levels by time:
     D:1: 943 daAuts
     D:2: 726 daAuts
     D:3: 218 daAuts
